 Dungeon Crawl Stone Soup version 0.20.1-1-g8b1a95d (webtiles) character file.

93 Fisto the Covered (level 4, 0/35 HPs)
             Began as a Human Fighter on Nov 10, 2017.
             Killed by divine providence
             ... invoked by an orc priest
              (9 damage)
             ... on level 3 of the Dungeon.
             The game lasted 00:12:37 (2351 turns).

Fisto the Covered (Human Fighter)                   Turns: 2351, Time: 00:12:38

Health: 0/35       AC:  8    Str: 18    XL:     4   Next: 91%
Magic:  3/4        EV:  9    Int:  8    God:
Gold:   84         SH:  0    Dex: 12    Spells: 2/3 levels left

rFire    . . .     SeeInvis .   a - +0 trident
rCold    . . .     Gourm    .   (no shield)
rNeg     . . .     Faith    .   o - +0 scale mail
rPois    .         Spirit   .   l - +0 helmet
rElec    .         Reflect  .   (no cloak)
rCorr    .         Harm     .   (no gloves)
MR       .....                  (no boots)
Stlth    ..........             (no amulet)
Regen    0.2/turn               (no ring)
MPRegen  0.1/turn               (no ring)

@: no status effects
A: no striking features
a: no special abilities


You were on level 3 of the Dungeon.
You were not hungry.

You visited 1 branch of the dungeon, and saw 3 of its levels.

You collected 84 gold pieces.

Inventory:

Hand Weapons
 a - a +0 trident (weapon)
 g - a +0 hunting sling
 m - a +2 dagger of venom
Missiles
 n - 74 stones (quivered)
Armour
 l - a +0 helmet (worn)
 o - a +0 scale mail (worn)
 u - a +0 shield
Jewellery
 p - a +3 ring of protection {unknown}
 s - an uncursed amulet of magic regeneration {unknown}
Wands
 c - a wand of acid (3/15)
Scrolls
 b - a scroll of identify {unknown}
 i - 3 scrolls of remove curse
 k - a scroll of blinking
Potions
 d - a potion of might
 e - a potion of curing {unknown}
 j - a potion of heal wounds {unknown}
 r - a potion of invisibility {unknown}
 t - a potion of lignification {unknown}
 w - a potion of mutation {unknown}
Books
 q - a book of Callings

   Spells                             Type                      Level
   a - Summon Small Mammal            Summoning                    1
   b - Call Imp                       Summoning                    2
   c - Call Canine Familiar           Summoning                    3
   d - Summon Guardian Golem          Hexes/Summoning              3
   e - Summon Lightning Spire         Summoning/Air                4
   f - Summon Ice Beast               Ice/Summoning                4
Comestibles
 f - 2 bread rations
 h - 3 royal jellies


   Skills:
 + Level 3.3 Fighting
 + Level 0.4 Short Blades
 + Level 2.9 Polearms
 + Level 3.7 Armour
 + Level 0.6 Dodging
 + Level 3.6 Shields


You had 2 spell levels left.
You knew the following spells:

 Your Spells              Type           Power        Failure   Level  Hunger
a - Summon Small Mammal   Summ           #...         80%         1    ##.....


Dungeon Overview and Level Annotations

Branches:
Dungeon (3/15)

Altars:


Message History

The orc wizard casts a spell at you. The puff of frost hits your rat.
Your rat dies!
Your rat's corpse disappears in a puff of smoke!
You continue putting on your +0 scale mail. x2
The orc priest shouts!
The orc priest invokes the aid of Beogh against you.
Beogh smites you!
* * * LOW HITPOINT WARNING * * *
The orc wizard looks satisfied for a moment.
You continue putting on your +0 scale mail.
You finish putting on your +0 scale mail.
You hit the orc priest.
The orc priest is moderately wounded.
The orc priest hits you but does no damage.
You hit the orc priest.
The orc priest is heavily wounded.
The orc priest calls down the wrath of Beogh upon you.
Beogh smites you!
You die...

#.##.# ..(o..# #.##.#
...... #.##.# .....
#.##.# #...# #.##.# #o..#
####.##.###### #o..#
.............# #..!#
#######.####.####o..#####
................@<.......
.######.####.####.#####.#
.######.####.####.###
.#........##.##.....
.#........#...#.#.###
.#........#.#.......#####
.#......................#
.#.........#........###.#
.#######...#..........#.#


You could see 2 orc priests and an orc wizard.

Vanquished Creatures
  4 adders
  3 dart slugs
  A leopard gecko (D:1)
  4 bats
  3 giant cockroaches
  6 goblins
  3 hobgoblins
  6 jackals
  2 quokkas (D:2)
  8 ball pythons
  2 frilled lizards
  2 kobolds
  3 rats
47 creatures vanquished.

Notes
Turn   | Place    | Note
-------+----------+-------------------------------------------
     0 | D:1      | Fisto the Human Fighter began the quest for the Orb.
     0 | D:1      | Reached XP level 1. HP: 18/18 MP: 1/1
   160 | D:1      | Reached XP level 2. HP: 21/24 MP: 2/2
   563 | D:1      | Reached XP level 3. HP: 26/29 MP: 3/3
  1235 | D:2      | Reached XP level 4. HP: 35/35 MP: 4/4
  1936 | D:3      | Learned a level 1 spell: Summon Small Mammal
  2351 | D:3      | Killed from afar by an orc priest

Action                   |  1- 3 |  4- 6 || total
-------------------------+-------+-------++-------
Melee: Trident           |    76 |    60 ||   136
       Dagger            |    31 |       ||    31
 Fire: Hunting sling     |       |    11 ||    11
 Cast: Summon Small Mamm |       |     5 ||     5
  Use: Scroll            |       |     4 ||     4
  Eat: Chunk             |     1 |     4 ||     5
Armor: Scale mail        |    54 |    24 ||    78
       Skin              |       |     1 ||     1
Dodge: Dodged            |    42 |    28 ||    70
Block: Shield            |    72 |    24 ||    96
